 Seeded DCSS version 0.29-a0-613-gf2c431b9b9 (webtiles) character file.

Game seed: 694206664214 (custom seed)

116 nrs142 the Slasher (level 4, -1/41 HPs)
             Began as a Minotaur Monk on June 16, 2022.
             Killed from afar by an orc wizard (5 damage)
             ... with a magic dart
             ... on level 3 of the Dungeon.
             The game lasted 00:05:03 (2520 turns).

nrs142 the Slasher (Minotaur Monk)                  Turns: 2520, Time: 00:05:03

Health: -1/41      AC:  2    Str: 16 (18) XL:     4   Next: 70%
Magic:  3/3        EV: 13    Int:  4 (7)  God:
Gold:   82         SH:  0    Dex: 11 (12) Spells: 3/3 levels left

rFire   . . .      SeeInvis .   a - +0 falchion
rCold   + . .      Faith    .   (no shield)
rNeg    . . .      Spirit   .   b - +0 robe
rPois   .          Reflect  .   (helmet restricted)
rElec   .          Harm     .   (no cloak)
rCorr   .          Rampage  .   (no gloves)
Will    +....      Rage     1%  (no boots)
Stlth   ++........              (no amulet)
HPRegen 0.13/turn               (no ring)
MPRegen 0.08/turn               (no ring)

@: no status effects
A: horns 2, retaliatory headbutt, hooves 1, berserk 1, cold resistance 1,
strong-willed 1
a: no special abilities


You were on level 3 of the Dungeon.
You visited 1 branch of the dungeon, and saw 3 of its levels.

You collected 82 gold pieces.

Inventory:

Hand Weapons
 a - a +0 falchion (weapon)
Armour
 b - a +0 robe (worn)
Wands
 p - a wand of flame (4)
Scrolls
 d - a scroll of blinking {unknown}
 g - a scroll of silence {unknown}
 h - 3 scrolls of identify {unknown}
 j - a scroll of fear {unknown}
 k - a scroll of magic mapping {unknown}
 l - a scroll of brand weapon {unknown}
 n - a scroll of amnesia {unknown}
Potions
 c - a potion of ambrosia
 e - a potion of haste


   Skills:
 + Level 4.6 Fighting
 + Level 4.7 Long Blades
 + Level 1.5 Armour
 - Level 3.8 Dodging
 - Level 2.2 Stealth


You had 3 spell levels left.
You didn't know any spells.
Your spell library contained the following spells:

 Spells                   Type           Power      Damage    Failure   Level
 Gell's Gravitas          Tloc           0%         N/A       86%         3
 Teleport Other           Tloc           0%         N/A       86%         3
 Dispersal                Tloc           0%         N/A       100%        6


Dungeon Overview and Level Annotations

Branches:
Dungeon (3/15)

Altars:
Cheibriados

Shops:
D:2 [


Innate Abilities, Weirdness & Mutations

You have a pair of horns on your head.
You reflexively headbutt those who attack you in melee.
You have large cloven feet.
You tend to lose your temper in combat.
Your flesh is cold resistant. (rC+)
You are strong-willed. (Will+)


Message History

Things that are here:
a +0 dagger; a goblin skeleton
Items here: )) ÷÷.
Items here: )))) [[ ÷÷.
You open the door.
A quokka, 2 orcs and an orc wizard come into view.
There are monsters nearby!
An orc comes into view. It is wielding a +0 hand axe.
The orc shouts!
The orc wizard shouts!
The orc shouts!
There is an open door here.
You closely miss the orc. Your kick misses the orc. You barely miss the orc.
The orc hits you with a +0 hand axe. x2
You barely miss the orc wizard. Your headbutt misses the orc wizard.
The orc hits you but does no damage. The orc closely misses you.
You closely miss the orc wizard. Your kick misses the orc wizard.
The orc closely misses you. The orc hits you with a +0 hand axe.
The orc wizard casts a spell at you. The puff of flame hits you!
You barely miss the orc. The orc barely misses you.
The orc hits you with a +0 hand axe.
The orc wizard hits you but does no damage.
You slash the orc!
You kill the orc!
The orc hits you with a +0 hand axe.
The orc wizard hits you with a +0 dagger.
The quokka bites you.
You miss the quokka. The orc misses you.
The orc wizard hits you but does no damage.
The quokka closely misses you.
You closely miss the quokka. The orc hits you with a +0 hand axe.
* * * LOW HITPOINT WARNING * * *
The orc wizard misses you. You furiously retaliate!
You headbutt the orc wizard. The quokka bites you.
* * * LOW HITPOINT WARNING * * *
You closely miss the quokka. Your headbutt misses the quokka.
The orc hits you with a +0 hand axe.
* * * LOW HITPOINT WARNING * * *
The orc wizard casts a spell at you. The magic dart hits you.
You die...

#..................##.###
#.#########........##....
#.........#........######
#######...###......######
#...# #............ #...#
#.....####.## #...#
#.....##..... #...#
####..#......
##@########.#......
#..oro............_..
#...o.######..#......
#.....# ##.#......
#.....# #.##..... #.....#
#.####.## #.....#
#........ #.....#
#........ #........


You could see an orc wizard, 2 orcs and a quokka.

Vanquished Creatures
  Robin (D:3)
  An adder (D:2)
  2 worms (D:3)
  A dart slug (D:1)
  An orc (D:3)
  5 ball pythons
  6 endoplasms
  4 giant cockroaches
  9 hobgoblins
  8 jackals
  3 kobolds
  3 quokkas
  4 bats
  7 frilled lizards
  17 goblins
  3 rats
75 creatures vanquished.

Notes
Turn   | Place    | Note
-------+----------+-------------------------------------------
     0 | D:1      | nrs142 the Minotaur Monk began the quest for the Orb.
     0 | D:1      | Reached XP level 1. HP: 19/19 MP: 0/0
   120 | D:1      | Reached XP level 2. HP: 27/27 MP: 1/1
   428 | D:1      | Reached XP level 3. HP: 30/33 MP: 2/2
  1240 | D:2      | Found the +8 Wrath of Trog {antimagic, *Rage Rampage}
  1242 | D:2      | Found Nualeh's Antique Armour Emporium.
  1360 | D:2      | Reached XP level 4. HP: 26/41 MP: 3/3
  1775 | D:3      | Found a snail-covered altar of Cheibriados.
  2162 | D:3      | Noticed Robin
  2166 | D:3      | Reached skill level 1 in Armour
  2174 | D:3      | Gained mutation: You have large cloven feet. [potion of
                  | mutation]
  2174 | D:3      | Gained mutation: Your flesh is cold resistant. (rC+)
                  | [potion of mutation]
  2174 | D:3      | Gained mutation: You tend to lose your temper in combat.
                  | [potion of mutation]
  2174 | D:3      | Gained mutation: You are strong-willed. (Will+) [potion of
                  | mutation]
  2182 | D:3      | Killed Robin
  2520 | D:3      | Killed from afar by an orc wizard

Illustrated notes

Levels and vault maps discovered:
D:1:      dpeg_arrival_radiant, layout_rooms, minmay_cut_off
D:2:      layout_basic, serial_shops, shop
D:3:      layout_basic, old_standard_altar, uniq_crazy_yiuf_cottage, uniq_robin

Skill      XL: |  1  2  3  4 |
---------------+-------------+-----
Fighting       | 4 |  4.6
Long Blades    | 4 |  4.7
Stealth        | 2 |  2.2
Armour         | 1 |  1.5
Dodging        | |  3.8

Action                   |  1- 3 |  4- 6 || total
-------------------------+-------+-------++-------
Melee: Falchion          |    87 |    49 ||   136
       Headbutt          |    11 |     5 ||    16
       Punch             |     2 |       ||     2
       Kick              |       |     2 ||     2
  Use: Potion            |     1 |     5 ||     6
 Stab: Sleeping          |     4 |     1 ||     5
Armor: Robe              |     8 |    14 ||    22
Dodge: Dodged            |    62 |    27 ||    89

Table legend: (Time is in decaauts)
 A = Elapsed time spent in this place.
 B = Non-inter-level travel time spent in this place.
 C = Inter-level travel time spent in this place.
 D = Time resting spent in this place.
 E = Time spent auto-exploring this place.
 F = Levels seen in this place.
 G = Mean time per level.
                   A        B        C        D        E       F      G
               +--------+--------+--------+--------+--------+-----+--------+
         Total |   2512 |   2458 |     54 |    151 |   1943 |   3 |  837.3 |
       Dungeon |   2512 |   2458 |     54 |    151 |   1943 |   3 |  837.3 |
               +--------+--------+--------+--------+--------+-----+--------+

Top non-repeatable levels by time:
     D:1: 890 daAuts
     D:2: 880 daAuts
     D:3: 741 daAuts
